 Dungeon Crawl Stone Soup version 0.31.0-12-g77e489cdc1 (webtiles) character file.

Game seed: 1243384028873862370

23238 Gadfly the Fighter (level 13, -7/145 HPs)
             Began as an Oni Berserker on Feb 25, 2024.
             Was a High Priest of Trog.
             Mangled by a polar bear (15 damage)
             ... on level 3 of the Lair of Beasts.
             The game lasted 00:20:24 (20078 turns).

Gadfly the Fighter (Oni Berserker)                 Turns: 20078, Time: 00:20:24

Health: -7/145     AC: 15    Str: 32    XL:     13   Next: 5%
Magic:  13/13      EV: 10    Int:  8    God:    Trog [*****.]
Gold:   540        SH:  5    Dex: 10    Spells: 12/12 levels left

rFire   + . .        b - +4 spear (venom)
rCold   . . .        (no shield)
rNeg    . . .        f - +0 steam dragon scales
rPois   .            (helmet restricted)
rElec   .            c - +2 cloak
rCorr   .            (gloves unavailable)
SInv    .            (boots unavailable)
Will    +....        m - amulet of reflection
Stlth   +            g - +4 ring of protection
HPRegen 0.44/turn    v - +6 ring of strength
MPRegen 0.13/turn

%: reflection
@: lethally poisoned (-7 -> -10), on berserk cooldown, slowed, studying
Fighting, very slow
A: large, unfitting armour, horns 1, tough skin 1, double potion healing,
drunken brawling, claws 1, fire resistance 1
a: Renounce Religion, Berserk, Trog's Hand, Brothers in Arms


You were on level 3 of the Lair of Beasts.
You worshipped Trog.
Trog was extremely pleased with you.
You visited 3 branches of the dungeon, and saw 15 of its levels.
You also visited: Bailey.

You collected 821 gold pieces.
You spent 281 gold pieces at shops.

Inventory:

Hand Weapons
 a - a +0 great mace
 b - a +4 spear of venom (weapon)
 q - a +1 halberd of flaming
 w - a +0 mace of protection
Armour
 c - a +2 cloak (worn)
 f - +0 steam dragon scales (worn)
 p - a +1 robe of positive energy
 F - a +0 troll leather armour
Jewellery
 g - a +4 ring of protection (left claw)
 m - an amulet of reflection (around neck)
 r - a +6 ring of dexterity
 v - a +6 ring of strength (right claw)
Wands
 d - a wand of digging (10)
 h - a wand of roots (3)
 k - a wand of light (16) (quivered)
Scrolls
 e - 3 scrolls of teleportation
 j - 2 scrolls of enchant weapon
 n - 4 scrolls of identify
 t - 2 scrolls of enchant armour
 B - 4 scrolls of fear
 C - a scroll of brand weapon
 D - 2 scrolls of vulnerability
 E - 2 scrolls of fog
 H - 3 scrolls of blinking
 J - a scroll of poison
Potions
 i - 3 potions of heal wounds
 l - 3 potions of mutation
 o - 3 potions of resistance
 s - 2 potions of haste
 z - a potion of enlightenment
 A - 2 potions of curing
 G - a potion of berserk rage
Miscellaneous
 u - a lightning rod (4/4)


   Skills:
 + Level 13.8 Fighting
 * Level 12.1 Maces & Flails
 * Level 10.5 Armour
 - Level 2.6 Dodging
 * Level 9.7 Evocations


You had 12 spell levels left.
You didn't know any spells.
Your spell library was empty.

Dungeon Overview and Level Annotations

Branches:
Dungeon (10/15)            Temple (1/1) D:7            Lair (4/5) D:10
 Shoals (0/4) Lair:3       Spider (0/4) Lair:3          Orc (0/2) D:9
 Bailey (visited)
  Slime: Lair:4-5

Altars:
Ashenzari
Cheibriados
Dithmenos
Elyvilon
Fedhas
Gozag
Hepliaklqana
Kikubaaqudgha
Makhleb
Nemelex Xobeh
Okawaru
Qazlal
Ru
Sif Muna
Trog
Uskayaw
Vehumet
Wu Jian
Xom
Yredelemnul
Zin
The Shining One

Shops:
D:6 !*


Innate Abilities, Weirdness & Mutations

You are too large for most types of armour.
You have a pair of small horns on your head.
You have tough skin. (AC +1)
You gain doubled healing and magic from potions.
Whenever you drink a healing potion, you attack all around you.
You have sharp fingernails.
Your flesh is heat resistant. (rF+)


Message History

You feel very sick. You block the cane toad's attack.
The polar bear bites you but does no damage.
The polar bear misses you. The polar bear claws you.
* * * LOW HITPOINT WARNING * * *
You puncture the cane toad! Your headbutt misses the cane toad.
You claw the cane toad, but do no damage.
The cane toad is severely wounded.
You feel very sick. The cane toad stings you!
* * * LOW HITPOINT WARNING * * *
The polar bear bites you.
* * * LOW HITPOINT WARNING * * *
The polar bear closely misses you. The polar bear misses you.
You puncture the cane toad!
You kill the cane toad!
Trog accepts your kill.
You feel very sick. The polar bear misses you.
You block the polar bear's attack. The polar bear closely misses you.
You feel sick.
You see here a cane toad corpse.
You feel a strong urge to attack something.
You are no longer berserk.
You are exhausted.
You feel yourself slow down.
You feel sick. The polar bear misses you. The polar bear barely misses you.
The polar bear completely misses you.
You hit the polar bear.
The polar bear looks as sick as possible!
The polar bear is severely wounded.
You feel very sick.
The polar bear bites you but does no damage.
The polar bear claws you but does no damage.
The polar bear closely misses you.
The polar bear goes berserk!
You feel sick.
The polar bear attacks as it pursues you!
The polar bear bites you but does no damage.
The polar bear claws you but does no damage. x2
The polar bear bites you!
You die...

###..............#
####.... #..............#
##.......
##............>#
#........
#.............###........
####...........#.........
##.......####.........
##....### #.........
#.#.#h#######........
###.@###.#.####......
##.###..## #......
##........#####.....
##.#.........####....
##.............##..#..
##................##.##
##....###..........#####
#...##...##.........# #
##.#...#...#.......## #


You could see a polar bear (berserk, extremely poisoned).

Vanquished Creatures
  A lindwurm (Lair:3)
  2 orc knights (Bailey)
  A meliai (Lair:3)
  Joseph (Lair:1)
  2 black mambas
  8 cane toads
  Maggie (D:8)
  Jeremiah (D:7)
  2 rime drakes
  4 komodo dragons
  A kobold demonologist (D:8)
  Psyche (D:8)
  2 trolls (D:10)
  3 polar bears
  A hornet (D:10)
  7 blink frogs
  Sigmund (D:4)
  4 wyverns
  Eustachio (D:4)
  13 yaks
  2 fire elementals (Lair:1)
  3 steam dragons
  2 vampire mosquitoes (D:10)
  An acid dragon (D:9)
  A hell hound (Lair:1)
  12 water moccasins
  14 orc warriors
  9 ice beasts
  3 sky beasts
  2 black bears
  30 wolves
  A centaur (D:7)
  Blork the orc (D:6)
  6 bullfrogs
  4 gnoll sergeants
  3 scorpions
  14 killer bees
  2 howler monkeys (D:9)
  A bombardier beetle (D:4)
  A gnoll bouda (D:6)
  A hound (D:4)
  5 orc priests
  3 jellies
  2 sleepcaps
  Terence (D:3)
  17 orc wizards
  Natasha (thrice) (D:3)
  5 iguanas
  5 adders
  19 gnolls
  A shadow imp (D:7)
  2 white imps
  3 dart slugs
  4 ribbon worms
  42 orcs
  4 ball pythons
  6 endoplasms
  2 giant cockroaches
  10 goblins
  10 hobgoblins
  2 jackals (D:4)
  2 quokkas (D:5)
  7 frilled lizards
  5 kobolds
  7 rats
337 creatures vanquished.

Notes
Turn   | Place    | Note
-------+----------+-------------------------------------------
     0 | D:1      | Gadfly the Oni Berserker began the quest for the Orb.
     0 | D:1      | Reached XP level 1. HP: 24/24 MP: 1/1
   129 | D:1      | Reached XP level 2. HP: 32/32 MP: 2/2
   191 | D:1      | Found a faded altar of an unknown god.
   848 | D:2      | Reached skill level 1 in Armour
   848 | D:2      | Reached XP level 3. HP: 15/39 MP: 3/3
   852 | D:2      | Reached skill level 1 in Evocations
  1113 | D:2      | Reached ** piety under Trog
  1367 | D:3      | Noticed Natasha
  1370 | D:3      | Killed Natasha
  1371 | D:3      | Reached XP level 4. HP: 46/49 MP: 4/4
  1395 | D:3      | Found a shadowy altar of Dithmenos.
  1397 | D:3      | Found a bloodstained altar of Trog.
  1399 | D:3      | Found a radiant altar of Vehumet.
  1400 | D:3      | Found a glowing golden altar of the Shining One.
  1400 | D:3      | Found a shimmering blue altar of Sif Muna.
  1601 | D:3      | Noticed Natasha
  1614 | D:3      | Killed Natasha
  1748 | D:3      | Noticed Natasha
  1769 | D:3      | Killed Natasha
  1770 | D:3      | Reached XP level 5. HP: 38/55 MP: 5/5
  1834 | D:3      | Found a shimmering altar of Xom.
  2270 | D:3      | Noticed Terence
  2304 | D:3      | Killed Terence
  2549 | D:4      | Noticed a black bear
  2566 | D:4      | Killed a black bear
  2567 | D:4      | Reached skill level 5 in Fighting
  2567 | D:4      | Reached XP level 6. HP: 60/66 MP: 6/6
  2791 | D:4      | Noticed Eustachio
  2881 | D:4      | Killed Eustachio
  2882 | D:4      | Reached XP level 7. HP: 52/72 MP: 7/7
  3008 | D:4      | Noticed Sigmund
  3019 | D:4      | Killed Sigmund
  3020 | D:4      | Reached skill level 5 in Maces & Flails
  3548 | D:5      | Entered Level 5 of the Dungeon
  3588 | D:5      | Reached *** piety under Trog
  3788 | D:5      | Reached XP level 8. HP: 83/83 MP: 8/8
  3798 | D:5      | Reached skill level 6 in Fighting
  5023 | D:6      | Found Ethoydei's Distillery.
  5031 | D:6      | Bought a potion of mutation for 88 gold pieces
  5031 | D:6      | Bought a potion of curing for 33 gold pieces
  5031 | D:6      | Bought a potion of might for 44 gold pieces
  5031 | D:6      | Bought a potion of enlightenment for 55 gold pieces
  5031 | D:6      | Bought a potion of degeneration for 11 gold pieces
  5566 | D:6      | Found Behut's CLEARANCE SALE!.
  5596 | D:6      | Reached skill level 5 in Armour
  5608 | D:6      | Bought a potion of resistance for 50 gold pieces
  5806 | D:6      | Noticed Blork the orc
  5815 | D:6      | Killed Blork the orc
  5816 | D:6      | Reached XP level 9. HP: 66/92 MP: 9/9
  5984 | D:6      | Reached skill level 7 in Fighting
  6598 | D:7      | Found a staircase to the Ecumenical Temple.
  6598 | D:7      | Noticed Jeremiah
  6604 | D:7      | Reached skill level 5 in Evocations
  6613 | Temple   | Entered the Ecumenical Temple
  6732 | D:7      | Killed Jeremiah
  7259 | D:7      | Reached **** piety under Trog
  7578 | D:7      | Reached skill level 8 in Fighting
  7719 | D:7      | Reached XP level 10. HP: 103/104 MP: 10/10
  8119 | D:8      | Found a flagged portal.
  8146 | D:8      | Noticed Maggie
  8476 | D:8      | Killed Maggie
  8562 | Bailey   | Entered a bailey
  9025 | Bailey   | Reached ***** piety under Trog
  9287 | Bailey   | Noticed an orc knight
  9287 | Bailey   | Noticed an orc knight
  9313 | Bailey   | Killed an orc knight
  9314 | Bailey   | Reached skill level 9 in Fighting
  9316 | Bailey   | Killed an orc knight
  9521 | D:8      | Noticed a kobold demonologist
  9531 | D:8      | Killed a kobold demonologist
  9532 | D:8      | Reached XP level 11. HP: 117/117 MP: 11/11
  9603 | D:8      | Noticed Psyche
  9609 | D:8      | Killed Psyche
 10077 | D:9      | Reached skill level 10 in Fighting
 10398 | D:9      | Received a gift from Trog
 10753 | D:9      | Found a blossoming altar of Fedhas.
 10753 | D:9      | Found a glowing silver altar of Zin.
 10946 | D:9      | Found a staircase to the Orcish Mines.
 11089 | D:10     | Entered Level 10 of the Dungeon
 11433 | D:10     | Reached skill level 10 in Maces & Flails
 11565 | D:10     | Found a staircase to the Lair.
 12232 | D:10     | Reached skill level 11 in Fighting
 12583 | Lair:1   | Entered Level 1 of the Lair of Beasts
 13269 | Lair:1   | Found a transporter.
 13522 | Lair:1   | Reached XP level 12. HP: 111/131 MP: 12/12
 13996 | Lair:1   | Reached skill level 12 in Fighting
 14305 | Lair:1   | Found a transporter.
 14437 | Lair:1   | Noticed Joseph
 14461 | Lair:1   | Killed Joseph
 15031 | Lair:1   | Gained mutation: Your flesh is heat resistant. (rF+)
                  | [potion of mutation]
 15031 | Lair:1   | Gained mutation: You have sharp fingernails. [potion of
                  | mutation]
 16926 | Lair:2   | HP: 3/133 [poisoned by a cane toad]
 17257 | Lair:2   | Reached skill level 10 in Armour
 17509 | Lair:2   | Reached skill level 13 in Fighting
 18478 | Lair:3   | Found a hole to the Spider Nest.
 18793 | Lair:3   | Found a staircase to the Shoals.
 18924 | Lair:3   | Found a glowing silver altar of Zin.
 19254 | Lair:3   | Reached XP level 13. HP: 114/145 MP: 13/13
 20078 | Lair:3   | Mangled by a polar bear

Illustrated notes

Levels and vault maps discovered:
D:1:      grunt_arrival_lava_bath, layout_basic,
          ebering_ecumenical_altar_petrified
D:2:      layout_rooms, hangedman_abyss_or_decor_stabs, uniq_jessica
D:3:      layout_loops_corners, grunt_temple_overflow_open,
          general_overflow_altar, uniq_natasha, uniq_terence
D:4:      layout_loops_ring, uniq_sigmund, uniq_eustachio
D:5:      layout_basic, serial_bayou, serial_bayou_lake_a, serial_bayou_pond_c,
          serial_bayou_pond_c, serial_bayou_pond_d
D:6:      layout_cave_pods, serial_shops, shop, nicolae_shop_clearance,
          uniq_blork_the_orc
D:7:      layout_loops_corners, minmay_temple_entry_statues_fountains,
          hangedman_abyss_or_decor_slice, uniq_jeremiah
D:8:      hangedman_cross_stitches, layout_cave_pools, enter_bailey_5,
          uniq_psyche, uniq_maggie
D:9:      layout_loops_ring, gammafunk_temple_overflow_wave, orc_0_dummy
D:10:     layout_grid_maze, hellmonk_lair_entry_icy
Temple:   nicolae_temple_ecumenical_triangle
Lair:1:   gammafunk_cloud_chamber, layout_layer_cave, serial_bayou_shore_b,
          grunt_megastairs_1, serial_bayou_shore_b, uniq_joseph
Lair:2:   layout_chaotic_city, serial_bayou_ford_a
Lair:3:   layout_cave_pods, shoals_dummy_entry,
          hellmonk_spider_entry_not_the_bees, basic_altar
Lair:4:   layout_misc_corridors, gauntlet_entry_generic, pond

Skill      XL: |  1  2  3  4  5  6  7  8  9 10 11 12 |
---------------+-------------------------------------+-----
Armour         | 1 2 3 4 5 6 7 9 10 | 10.5
Evocations     | 1 2 3 4 5 7 8 9 |  9.7
Maces & Flails | 4 5 6 8 9 10 12 | 12.1
Fighting       | 5 6 8 9 11 13 | 13.8
Dodging        | |  2.6

Action                     |  1- 3 |  4- 6 |  7- 9 | 10-12 | 13-15 || total
---------------------------+-------+-------+-------+-------+-------++-------
  Melee: Mace              |    69 |   128 |       |       |       ||   197
         Headbutt          |    10 |    25 |    49 |   149 |     4 ||   237
         Punch             |     1 |     2 |     3 |     6 |     1 ||    13
         Dagger            |       |    29 |       |       |       ||    29
         Flail             |       |    18 |   154 |       |       ||   172
         Spear             |       |       |   194 |   552 |    26 ||   772
         Great mace        |       |       |       |   280 |       ||   280
 Invoke: Berserk           |     1 |       |       |     4 |     1 ||     6
         Trog's Hand       |       |       |       |     2 |       ||     2
  Evoke: Wand              |       |       |       |     2 |       ||     2
    Use: Scroll            |     4 |     2 |     4 |     7 |     2 ||    19
         Potion            |       |       |     4 |     3 |       ||     7
   Stab: Sleeping          |     1 |       |       |     3 |       ||     4
         Invisible         |       |       |       |     2 |       ||     2
 Armour: Animal skin       |    46 |   194 |   147 |       |       ||   387
         Robe              |       |       |    97 |   109 |       ||   206
         Steam dragon scal |       |       |       |   901 |    52 ||   953
         Skin              |       |       |       |     1 |       ||     1
  Dodge: Dodged            |    39 |   118 |   135 |   615 |    33 ||   940
  Block: Other             |       |       |       |   236 |    11 ||   247
         Reflection        |       |       |       |     9 |       ||     9
